 Dungeon Crawl Stone Soup version 0.21.1-1-g345015f (webtiles) character file.

222722 tidbits the Martial Artist (level 18, -4/141 HPs)
             Began as a Gnoll Transmuter on Mar 23, 2018.
             Was a High Priest of Cheibriados.
             Slain by a slime creature (12 damage)
             ... on level 5 of the Pits of Slime.
             The game lasted 03:19:26 (10181 turns).

tidbits the Martial Artist (Gnoll Transmuter)      Turns: 10181, Time: 03:19:26

Health: -4/141     AC:  8    Str: 31    XL:     18   Next: 76%
Magic:  21/31      EV: 27    Int: 37    God:    Cheibriados [*****.]
Gold:   1094       SH: 18    Dex: 33    Spells: 8/43 levels left

rFire    + . .     SeeInvis .     - Unarmed
rCold    + + .     Gourm    .   D - +2 shield {reflect}
rNeg     + + .     Faith    .   m - +0 troll leather armour
rPois    +         Spirit   .   A - -2 hat of the Alchemist {rElec rPois rF+ rC+ rN+ MR+ rMut rCorr}
rElec    +         Reflect  +   V - scarf {repulsion}
rCorr    +         Harm     .   G - +0 pair of gloves
rMut     +                      F - +0 pair of boots
MR       ++...                  L - amulet of Paonn {RegenMP rN+ Int-3 Stlth+}
Stlth    +++++++...             W - ring of wizardry
HPRegen  0.73/turn              q - ring of Hilaugro {rC+ Int+3 Dex+5}
MPRegen  0.47/turn

@: mighty, repel missiles, very slow
A: distributed training, fangs 1, blurry vision 1, low mp 1, sense surroundings
1, shaggy fur 1, strong nose
}: 2/15 runes: decaying, gossamer
a: Bend Time, Temporal Distortion, Slouch, Step From Time, Renounce Religion


You were on level 5 of the Pits of Slime.
You worshipped Cheibriados.
Cheibriados was extremely pleased with you.
You were not hungry.

You visited 7 branches of the dungeon, and saw 36 of its levels.
You visited the Abyss 1 time.
You also visited: Labyrinth and Ice Cave.

You collected 3052 gold pieces.
You spent 1958 gold pieces at shops.

Inventory:

Hand Weapons
 a - the +9 war axe of Qautakke {chop, rF- rC+ MR+ Int+4}
   (You took it off a deep elf mage on level 3 of the Elven Halls)

   It inflicts extra damage upon your enemies.
   It affects your intelligence (+4).
   It makes you vulnerable to fire.
   It protects you from cold.
   It affects your resistance to hostile enchantments.
 o - a +4 broad axe of chopping
   (You took it off a deep elf archer on level 3 of the Elven Halls)
 x - a +2 dagger of draining
   (You took it off an orc wizard on level 4 of the Dungeon)
Missiles
 e - a throwing net {!f}
 g - 262 arrows
 k - 7 tomahawks (quivered)
Armour
 b - the +2 buckler of Molafi {+Inv}
   (You found it on level 7 of the Dungeon)

   It lets you turn invisible.
 l - a +2 robe of cold resistance
   (You took it off Psyche on level 8 of the Dungeon)
 m - a +0 troll leather armour (worn)
 w - a +2 cloak of cold resistance
   (You found it in an ice cave)
 A - the -2 hat of the Alchemist (worn) {rElec rPois rF+ rC+ rN+ MR+ rMut rCorr}
   (You bought it in a shop on level 2 of the Orcish Mines)

   It protects you from fire.
   It protects you from cold.
   It insulates you from electricity.
   It protects you from poison.
   It protects you from negative energy.
   It affects your resistance to hostile enchantments.
   It protects you from acid and corrosion.
   It protects you from mutation.
 D - a +2 shield of reflection (worn)
   (You took it off Donald on level 2 of the Orcish Mines)
 F - a +0 pair of boots (worn)
 G - a +0 pair of gloves (worn)
 V - a scarf of repulsion (worn)
   (You found it on level 8 of the Dungeon)
Jewellery
 h - an uncursed ring of protection from fire
   (You found it on level 4 of the Dungeon)
 q - the ring of Hilaugro (right hand) {rC+ Int+3 Dex+5}
   (You found it on level 8 of the Dungeon)

   [ring of intelligence]

   It affects your intelligence (+3).
   It affects your dexterity (+5).
   It protects you from cold.
 H - an uncursed ring of protection from magic
   (You took it off a deep elf mage on level 3 of the Elven Halls)
 I - an uncursed ring of see invisible
   (You found it on level 5 of the Dungeon)
 L - the amulet of Paonn (around neck) {RegenMP rN+ Int-3 Stlth+}
   (You took it off a deep elf mage on level 3 of the Elven Halls)

   [amulet of magic regeneration]

   It increases your magic regeneration.
   It affects your intelligence (-3).
   It protects you from negative energy.
   It makes you more stealthy.
 P - the ring of Wusaf {+Fly rPois}
   (You took it off a deep elf death mage on level 1 of the Elven Halls)

   [ring of flight]

   It protects you from poison.
   It lets you fly.
 T - a cursed ring of loudness
   (You found it on level 3 of the Spider Nest)
 W - a ring of wizardry (left hand)
   (You took it off a deep elf high priest on level 3 of the Elven Halls)
Wands
 d - a wand of digging (7)
 p - a wand of paralysis (17)
 s - a wand of clouds (3)
 J - a wand of iceblast (8)
 K - a wand of flame (24)
Scrolls
 i - 3 scrolls of identify
 r - 6 scrolls of remove curse
 t - 2 scrolls of fog
 M - a scroll of silence
 Q - a scroll of torment
 S - 2 scrolls of blinking
Potions
 j - 4 potions of brilliance
 n - a potion of might
 u - 2 potions of lignification
 v - 5 potions of curing
 C - 3 potions of cancellation
 E - 3 potions of ambrosia
 O - 2 potions of flight
 R - 3 potions of mutation {!q}
 Y - a potion of haste
Books
 f - Sif Muna's Incunabulum of the Dislocated Entourage
   (You found it in a labyrinth)

   Spells                             Type                      Level
   a - Summon Small Mammal            Summoning                    1
   b - Recall                         Summoning/Translocation      3
   c - Force Lance                    Conjuration/Translocation    4
   d - Summon Lightning Spire         Summoning/Air                4
   e - Controlled Blink               Translocation                8
Miscellaneous
 z - a lightning rod (4/4)
 B - a sack of spiders
 N - a lamp of fire
 U - a phial of floods
 X - 3 phantom mirrors
Comestibles
 c - 28 rations


   Skills:
 + Level 12.4 Fighting
 + Level 12.2 Short Blades
 + Level 12.2 Long Blades
 + Level 12.2 Axes
 + Level 12.2 Maces & Flails
 + Level 12.2 Polearms
 + Level 12.2 Staves
 + Level 12.2 Slings
 + Level 12.2 Bows
 + Level 12.2 Crossbows
 + Level 12.2 Throwing
 + Level 12.2 Armour
 + Level 12.9 Dodging
 + Level 12.2 Stealth
 + Level 12.2 Shields
 + Level 13.5 Unarmed Combat
 + Level 13.0 Spellcasting
 + Level 10.4 Conjurations
 + Level 10.4 Hexes
 + Level 10.4 Charms
 + Level 10.4 Summonings
 + Level 10.4 Necromancy
 + Level 10.4 Translocations
 + Level 11.1 Transmutations
 + Level 10.4 Fire Magic
 + Level 12.1 Ice Magic
 + Level 10.4 Air Magic
 + Level 10.4 Earth Magic
 + Level 10.4 Poison Magic
 + Level 13.1 Invocations
 + Level 12.2 Evocations


You had 8 spell levels left.
You knew the following spells:

 Your Spells              Type           Power        Failure   Level  Hunger
b - Blink                 Tloc           N/A          1%          2    None
c - Conjure Flame         Conj/Fire      #######.     1%          3    None
e - Beastly Appendage     Tmut           ######       1%          1    None
f - Fireball              Conj/Fire      #######...   1%          5    None
g - Passage of Golubria   Tloc           N/A          1%          4    None
k - Sticks to Snakes      Tmut           #######.     1%          2    None
l - Lesser Beckoning      Tloc           #######...   1%          3    None
s - Statue Form           Tmut/Erth      #######..    1%          6    ###....
t - Sticky Flame          Conj/Fire      #######.     1%          4    None
A - Apportation           Tloc           ######       1%          1    None
L - Summon Lightning Spi  Summ/Air       #######.     1%          4    None


Dungeon Overview and Level Annotations

Branches:
Dungeon (13/15)            Temple (0/1) D:5            Lair (5/6) D:10
  Swamp (4/4) Lair:2       Spider (4/4) Lair:3        Slime (5/5) Lair:5
    Orc (2/2) D:12            Elf (3/3) Orc:2
 Vaults: D:13-14

Altars:
Cheibriados
Dithmenos
Fedhas
Hepliaklqana
Kikubaaqudgha
Okawaru
Ru
Uskayaw
Xom
The Shining One
Beogh
Jiyva

Shops:
D:7 }   D:8 (!(   Orc:1 =   Orc:2 [([[

Portals:
Trove: D:10 (give 8 potions of haste)

Annotations:
D:10 exclusion: gargoyle
Spider:2 Agnes
Slime:2 Dissolution
Slime:5 Royal Jelly


Innate Abilities, Weirdness & Mutations

Your experience applies equally to all skills.
You have very sharp teeth.
Your uncanny sense of smell can sniff out nearby items.
Scrolls take you a little longer to read.
Your magical capacity is low. (-10% MP)
You passively map a small area around you.
You are covered in fur. (AC +1)


Message History

Cheibriados thoroughly appreciates the change of pace.
You feel somewhat more hungry.
Cheibriados lowers the support of your attributes as your movement quickens.
The Royal Jelly shudders violently.
The Royal Jelly spits out four more jellies.
You block the slime creature's attack.
You block the great orb of eyes's attack.
You block the slime creature's attack.
Unknown command.
Your surroundings suddenly seem different.
An acid blob, an eye of draining and an eye of devastation come into view.
Unknown command.
Evoke which item? (* to show all) (? for menu, Esc to quit)
Okay, then.
Press: ? - help, v - describe, . - travel A slime covered rock wall.
Unknown command.
Unknown command.
Really quaff
R - 3 potions of mutation {!q}?
Really drink that potion of mutation while resistant to mutation?
Okay, then.
Unknown command.
Unknown command.
Okay, then.
Unknown command.
Casting: Summon Lightning Spire
Confirm with . or Enter, or press ? or * to list all spells.
You blink.
An acid blob comes into view.
The acid blob quivers.
A slime creature comes into view.
The slime creature quivers.
A slime creature comes into view.
The eye of devastation turns its gaze towards you.
The acid blob quivers.
The eye of draining turns its gaze towards you.
The acid blob spits acid at you.
The splash of acid is repelled.
The eye of devastation gazes at you. The bolt of energy misses you.
The slime creature quivers.
Unknown command.
You step out of the flow of time.
You return to the normal time flow.
You feel somewhat more hungry.
Cheibriados lowers the support of your attributes as your movement quickens.
Unknown command.
Really read with blurry vision while enemies are nearby?
Your transformation is almost over.
You begin reading the scroll.
You continue reading the scroll.
As you read the scroll of fog, it crumbles to dust.
The scroll dissolves into smoke.
Unknown command.
Unknown command.
Okay, then.
Casting: Blink
Confirm with . or Enter, or press ? or * to list all spells.
Aiming: Lesser Beckoning
Press: ? - help, Shift-Dir - straight line, f - slime creature
Aim: a slime creature The slime creature hurls suddenly forward!
The slime creature closely misses you.
The slime creature completely misses you.
Unknown command.
You pound the slime creature into fine dust!!!
The slime creature is severely wounded.
The slime creature hits you but does no damage.
You hit the great orb of eyes but do no damage.
You bite the great orb of eyes!
The great orb of eyes is lightly wounded.
You revert to your normal fleshy form.
Your +0 pair of gloves unmelds from your body.
Your +0 pair of boots unmelds from your body.
Your +0 troll leather armour unmelds from your body.
You block the slime creature's attack. The great orb of eyes bites you!
* * * LOW HITPOINT WARNING * * *
Unknown command.
You feel better. You block the slime creature's attack.
The great orb of eyes gazes at you. You resist with almost no effort.
Unknown command.
You hit the great orb of eyes but do no damage.
The great orb of eyes is lightly wounded.
You are no longer corroded.
You block the slime creature's attack.
You punch the great orb of eyes! You bite the great orb of eyes.
The great orb of eyes is heavily wounded.
You block the great orb of eyes's attack.
The slime creature hits you!
* * * LOW HITPOINT WARNING * * *
You punch the great orb of eyes!
The great orb of eyes is heavily wounded.
You block the great orb of eyes's attack.
You hit the great orb of eyes.
The great orb of eyes is severely wounded.
The slime creature completely misses you.
You block the great orb of eyes's attack.
You punch the great orb of eyes!
The great orb of eyes is almost dead.
The slime creature hits you!
You die...

..............# *
...G............
,
................
,J...............
,
................
, , , **
................
,
#.....§§§.......
, ,
#....§G§J.....J
###.§§§@§...... ,
##...........
#.#..........
#####........
##....... ###....
##.. ##


You could see a great orb of eyes and 2 slime creatures.

Vanquished Creatures
  A bone dragon (Abyss:2)
  A profane servitor (Abyss:2)
  4 deep elf blademasters (Elf:3)
  2 deep elf master archers (Elf:3)
  11 acid blobs
  3 thorn hunters (Swamp:4)
  Donald (Orc:2)
  10 azure jellies
  The ghost of aMcNicky the Fighter, a journeyman DrIE of Vehumet (Orc:2)
  Roxanne (Elf:3)
  An orc warlord (Orc:2)
  4 ghost moths (Spider:4)
  5 deep elf sorcerers
  4 emperor scorpions (Spider:4)
  Aizul (Swamp:4)
  A ghoul (Swamp:3)
  A deep elf elementalist (Elf:3)
  5 deep elf demonologists (Elf:3)
  6 deep elf annihilators (Elf:3)
  2 spark wasps (Spider:3)
  A minotaur (Lab)
  A death ooze (Slime:5)
  Josephine (Orc:2)
  8 deep elf death magi
  5 deep elf high priests (Elf:3)
  2 great orbs of eyes
  14 hydras
  A two-headed ogre (D:8)
  A centaur warrior (D:13)
  4 dancing weapons
  3 alligators
  A spriggan berserker (Swamp:4)
  A spriggan (Swamp:3)
  6 deep elf knights
  A wretched star (Abyss:2)
  10 swamp dragons
  An unseen horror (Lab)
  4 deep elf archers
  A shambling mangrove (Swamp:3)
  Pikel (D:5)
  A spriggan druid (Swamp:3)
  A necromancer (IceCv)
  2 large abominations (Abyss:2)
  7 orb spiders
  27 deep elf magi
  An orc knight (Orc:2)
  An orc sorcerer (Orc:2)
  4 shining eyes
  5 wolf spiders
  An ugly thing (D:8)
  A manticore (D:11)
  2 apocalypse crabs (Abyss:2)
  Maurice (D:10)
  Psyche (D:8)
  8 spiny frogs
  An ice statue (IceCv)
  An eye of devastation (Slime:3)
  4 gargoyles (Lab)
  A torpor snail (Spider:2)
  A smoke demon (Elf:3)
  2 rime drakes (Orc:1)
  10 freezing wraiths (IceCv)
  2 komodo dragons
  4 demonic crawlers
  4 trolls
  12 jumping spiders
  6 tyrant leeches
  3 hornets (Swamp:3)
  2 polar bears (Lair:4)
  5 blink frogs (Swamp:4)
  13 bog bodies
  42 slime creatures
  2 dream sheep (D:12)
  2 hippogriffs
  A flying skull (Abyss:2)
  A water elemental (Elf:3)
  10 tarantellas
  2 air elementals
  An ettin skeleton (Abyss:2)
  38 redbacks
  5 wraiths
  6 yaks
  Grum (D:11)
  A fire bat (Abyss:2)
  A wyvern (Lair:1)
  A death yak simulacrum (IceCv)
  8 vampire mosquitoes
  7 hungry ghosts
  10 swamp worms
  2 wargs
  2 acid dragons (D:8)
  4 insubstantial wisps (Swamp:4)
  3 small abominations (Abyss:2)
  3 water moccasins
  A floating eye (Slime:1)
  3 porcupines
  A slave (D:5)
  2 phantoms
  6 swamp drakes
  8 ice beasts
  14 orc warriors
  11 starcursed masses (Abyss:2)
  9 ogres
  A sky beast (D:10)
  9 wolves
  5 eyes of draining
  4 necrophages (Swamp:3)
  6 centaurs
  3 crocodiles
  14 big kobolds
  11 bullfrogs
  A wyvern zombie (D:11)
  2 earth elementals
  An electric eel (Spider:4)
  2 howler monkeys
  5 crimson imps
  2 draconian simulacra (IceCv)
  A hound (D:10)
  An iron imp (Abyss:2)
  5 jellies
  21 orc priests
  2 centaur skeletons
  2 iguanas (Lair:2)
  Ijyb (D:4)
  18 orc wizards
  4 worker ants
  A polar bear simulacrum (IceCv)
  3 troll simulacra (IceCv)
  A spriggan simulacrum (IceCv)
  2 wolf simulacra (IceCv)
  2 centaur simulacra (IceCv)
  A hound zombie (D:7)
  A hound skeleton (D:4)
  9 adders
  3 ogre simulacra (IceCv)
  7 naga simulacra (IceCv)
  2 river rats (Lair:2)
  4 shadow imps
  11 white imps (IceCv)
  An ooze (D:5)
  An adder skeleton (D:5)
  2 dart slugs
  3 leopard geckos
  76 orcs
  5 bats
  6 giant cockroaches
  6 goblins
  4 hobgoblins
  4 jackals (D:2)
  4 quokkas
  2 frilled lizards
  A giant cockroach zombie (D:5)
  9 kobolds
  2 rats
  2 crawling corpses
  2 fungi
  2 plants
774 creatures vanquished.

Vanquished Creatures (collateral kills)
  An acid blob (Slime:4)
  2 azure jellies
  A deep elf annihilator (Elf:3)
  3 great orbs of eyes
  7 orb spiders
  A wolf spider (Spider:1)
  2 shining eyes (Slime:2)
  An eye of devastation (Slime:1)
  A kobold demonologist (Orc:1)
  4 jumping spiders
  15 slime creatures
  A tarantella (Spider:1)
  An insubstantial wisp (Swamp:4)
  A swamp drake (Swamp:4)
  An orc warrior (Orc:2)
  An ogre (D:9)
  A big kobold (Orc:1)
  A scorpion (D:4)
  An ogre simulacrum (IceCv)
  A white imp (IceCv)
  2 orcs
  2 goblins (D:12)
51 creatures vanquished.

Vanquished Creatures (others)
  An emperor scorpion (Spider:4)
  A deep elf knight (Elf:2)
  2 deep elf archers
  A redback (Spider:1)
  A warg (Orc:2)
  A swamp drake (Lair:2)
  2 briar patches (Swamp:4)
  A fungus (Lair:5)
  2 starspawn tentacles (Abyss:2)
12 creatures vanquished.

Grand Total: 837 creatures vanquished

Notes
Turn   | Place    | Note
-------+----------+-------------------------------------------
     0 | D:1      | tidbits the Gnoll Transmuter began the quest for the Orb.
     0 | D:1      | Reached XP level 1. HP: 17/17 MP: 6/6
   118 | D:1      | Reached XP level 2. HP: 23/23 MP: 5/7
   122 | D:1      | Learned a level 2 spell: Sticks to Snakes
   288 | D:2      | Found a snail-covered altar of Cheibriados.
   288 | D:2      | Found an ancient bone altar of Kikubaaqudgha.
   295 | D:2      | Became a worshipper of Cheibriados the Contemplative
   340 | D:2      | Reached XP level 3. HP: 15/28 MP: 7/9
   348 | D:2      | Learned a level 3 spell: Spider Form
   363 | D:2      | Reached skill level 5 in Spellcasting
   428 | D:3      | Reached * piety under Cheibriados
   432 | D:3      | Reached skill level 1 in Invocations
   437 | D:3      | Reached skill level 1 in Short Blades
   437 | D:3      | Reached skill level 1 in Long Blades
   437 | D:3      | Reached skill level 1 in Axes
   437 | D:3      | Reached skill level 1 in Maces & Flails
   437 | D:3      | Reached skill level 1 in Polearms
   437 | D:3      | Reached skill level 1 in Staves
   437 | D:3      | Reached skill level 1 in Slings
   437 | D:3      | Reached skill level 1 in Bows
   437 | D:3      | Reached skill level 1 in Crossbows
   437 | D:3      | Reached skill level 1 in Throwing
   437 | D:3      | Reached skill level 1 in Armour
   437 | D:3      | Reached skill level 1 in Stealth
   437 | D:3      | Reached skill level 1 in Shields
   437 | D:3      | Reached skill level 1 in Evocations
   437 | D:3      | Reached XP level 4. HP: 28/34 MP: 2/11
   486 | D:4      | Reached skill level 1 in Conjurations
   486 | D:4      | Reached skill level 1 in Hexes
   486 | D:4      | Reached skill level 1 in Charms
   486 | D:4      | Reached skill level 1 in Summonings
   486 | D:4      | Reached skill level 1 in Necromancy
   486 | D:4      | Reached skill level 1 in Translocations
   486 | D:4      | Reached skill level 1 in Fire Magic
   486 | D:4      | Reached skill level 1 in Ice Magic
   486 | D:4      | Reached skill level 1 in Air Magic
   486 | D:4      | Reached skill level 1 in Earth Magic
   486 | D:4      | Reached skill level 1 in Poison Magic
   501 | D:4      | Reached XP level 5. HP: 39/40 MP: 4/12
   506 | D:5      | Entered Level 5 of the Dungeon
   520 | D:4      | Found a hazy altar of Hepliaklqana.
   530 | D:4      | Noticed a phantom
   565 | D:4      | Killed a phantom
   565 | D:4      | Reached skill level 3 in Fighting
   565 | D:4      | Reached skill level 4 in Transmutations
   602 | D:4      | Noticed an ogre
   611 | D:4      | Killed an ogre
   611 | D:4      | Reached skill level 2 in Invocations
   611 | D:4      | Reached XP level 6. HP: 47/47 MP: 9/14
   660 | D:4      | Noticed Ijyb
   671 | D:4      | Paralysed by Ijyb for 4 turns
   679 | D:4      | Killed Ijyb
   679 | D:4      | Reached skill level 5 in Dodging
   726 | D:4      | Gained mutation: You passively map a small area around you. [potion of mutation]
   726 | D:4      | Gained mutation: You evolve. [potion of mutation]
   726 | D:4      | Gained mutation: You rapidly evolve. [potion of mutation]
   732 | D:4      | Reached skill level 2 in Short Blades
   732 | D:4      | Reached skill level 2 in Long Blades
   732 | D:4      | Reached skill level 2 in Axes
   732 | D:4      | Reached skill level 2 in Maces & Flails
   732 | D:4      | Reached skill level 2 in Polearms
   732 | D:4      | Reached skill level 2 in Staves
   732 | D:4      | Reached skill level 2 in Slings
   732 | D:4      | Reached skill level 2 in Bows
   732 | D:4      | Reached skill level 2 in Crossbows
   732 | D:4      | Reached skill level 2 in Throwing
   732 | D:4      | Reached skill level 2 in Armour
   732 | D:4      | Reached skill level 2 in Stealth
   732 | D:4      | Reached skill level 2 in Shields
   732 | D:4      | Reached skill level 2 in Evocations
   751 | D:4      | Reached XP level 7. HP: 12/52 MP: 9/15
   755 | D:4      | HP: 2/52 [orc wizard/magic dart (6)]
   766 | D:4      | Reached skill level 7 in Unarmed Combat
   890 | D:4      | Reached ** piety under Cheibriados
   890 | D:4      | Reached skill level 2 in Conjurations
   890 | D:4      | Reached skill level 2 in Hexes
   890 | D:4      | Reached skill level 2 in Charms
   890 | D:4      | Reached skill level 2 in Summonings
   890 | D:4      | Reached skill level 2 in Necromancy
   890 | D:4      | Reached skill level 2 in Translocations
   890 | D:4      | Reached skill level 2 in Fire Magic
   890 | D:4      | Reached skill level 2 in Ice Magic
   890 | D:4      | Reached skill level 2 in Air Magic
   890 | D:4      | Reached skill level 2 in Earth Magic
   890 | D:4      | Reached skill level 2 in Poison Magic
  1018 | D:5      | Found a staircase to the Ecumenical Temple.
  1076 | D:5      | Learned a level 4 spell: Ice Form
  1084 | D:5      | Reached skill level 3 in Invocations
  1109 | D:5      | Reached XP level 8. HP: 60/60 MP: 11/16
  1130 | D:6      | Found a shadowy altar of Dithmenos.
  1138 | D:6      | Reached skill level 4 in Fighting
  1143 | D:6      | Reached skill level 3 in Short Blades
  1143 | D:6      | Reached skill level 3 in Long Blades
  1143 | D:6      | Reached skill level 3 in Axes
  1143 | D:6      | Reached skill level 3 in Maces & Flails
  1143 | D:6      | Reached skill level 3 in Polearms
  1143 | D:6      | Reached skill level 3 in Staves
  1143 | D:6      | Reached skill level 3 in Slings
  1143 | D:6      | Reached skill level 3 in Bows
  1143 | D:6      | Reached skill level 3 in Crossbows
  1143 | D:6      | Reached skill level 3 in Throwing
  1143 | D:6      | Reached skill level 3 in Armour
  1143 | D:6      | Reached skill level 3 in Stealth
  1143 | D:6      | Reached skill level 3 in Shields
  1143 | D:6      | Reached skill level 3 in Evocations
  1209 | D:5      | Reached skill level 6 in Spellcasting
  1251 | D:5      | Reached *** piety under Cheibriados
  1292 | D:5      | Found a glowing golden altar of the Shining One.
  1306 | D:5      | Noticed Pikel
  1326 | D:5      | Killed Pikel
  1326 | D:5      | Reached skill level 6 in Dodging
  1326 | D:5      | Reached skill level 3 in Conjurations
  1326 | D:5      | Reached skill level 3 in Hexes
  1326 | D:5      | Reached skill level 3 in Charms
  1326 | D:5      | Reached skill level 3 in Summonings
  1326 | D:5      | Reached skill level 3 in Necromancy
  1326 | D:5      | Reached skill level 3 in Translocations
  1326 | D:5      | Reached skill level 5 in Transmutations
  1326 | D:5      | Reached skill level 3 in Fire Magic
  1326 | D:5      | Reached skill level 3 in Ice Magic
  1326 | D:5      | Reached skill level 3 in Air Magic
  1326 | D:5      | Reached skill level 3 in Earth Magic
  1326 | D:5      | Reached skill level 3 in Poison Magic
  1326 | D:5      | Reached skill level 4 in Invocations
  1326 | D:5      | Reached XP level 9. HP: 37/66 MP: 5/18
  1332 | D:5      | Found an iron altar of Okawaru.
  1334 | D:5      | Found a sacrificial altar of Ru.
  1353 | D:5      | Lost mutation: You rapidly evolve. [evolution]
  1509 | D:6      | Learned a level 5 spell: Blade Hands
  1568 | D:5      | Reached skill level 4 in Short Blades
  1568 | D:5      | Reached skill level 4 in Long Blades
  1568 | D:5      | Reached skill level 4 in Axes
  1568 | D:5      | Reached skill level 4 in Maces & Flails
  1568 | D:5      | Reached skill level 4 in Polearms
  1568 | D:5      | Reached skill level 4 in Staves
  1568 | D:5      | Reached skill level 4 in Slings
  1568 | D:5      | Reached skill level 4 in Bows
  1568 | D:5      | Reached skill level 4 in Crossbows
  1568 | D:5      | Reached skill level 4 in Throwing
  1568 | D:5      | Reached skill level 4 in Armour
  1568 | D:5      | Reached skill level 4 in Stealth
  1568 | D:5      | Reached skill level 4 in Shields
  1568 | D:5      | Reached skill level 4 in Evocations
  1689 | D:7      | Reached skill level 5 in Fighting
  1844 | D:8      | Noticed a purple ugly thing
  1918 | D:7      | Found a blossoming altar of Fedhas.
  2072 | D:7      | Got an ichor-stained buckler
  2078 | D:7      | Identified the +2 buckler of Molafi {+Inv} (You found it on level 7 of the Dungeon)
  2100 | D:7      | Got an opal-encrusted ring mail
  2111 | D:7      | Identified the +5 ring mail of Ichut {Int+3} (You found it on level 7 of the Dungeon)
  2217 | D:7      | Found Uretto's Gadget Shop.
  2246 | D:7      | Got a translucent hand axe
  2303 | D:8      | Found Ixkoxtom's Weapon Shop.
  2303 | D:8      | Noticed Psyche
  2308 | D:8      | Killed Psyche
  2308 | D:8      | Reached skill level 8 in Unarmed Combat
  2308 | D:8      | Reached skill level 5 in Invocations
  2344 | D:8      | Found a transporter.
  2369 | D:8      | Found a shimmering altar of Xom.
  2370 | D:8      | Found a shimmering altar of Xom.
  2370 | D:8      | Found a shimmering altar of Xom.
  2372 | D:8      | Found a shimmering altar of Xom.
  2392 | D:8      | Found Doxzivan's Weapon Emporium.
  2427 | D:8      | Learned a level 4 spell: Sticky Flame
  2452 | D:8      | Found Vaitzu's Distillery.
  2455 | D:8      | Noticed a two-headed ogre
  2464 | D:8      | Killed a two-headed ogre
  2464 | D:8      | Reached skill level 7 in Spellcasting
  2464 | D:8      | Reached skill level 4 in Conjurations
  2464 | D:8      | Reached skill level 4 in Hexes
  2464 | D:8      | Reached skill level 4 in Charms
  2464 | D:8      | Reached skill level 4 in Summonings
  2464 | D:8      | Reached skill level 4 in Necromancy
  2464 | D:8      | Reached skill level 4 in Translocations
  2464 | D:8      | Reached skill level 4 in Fire Magic
  2464 | D:8      | Reached skill level 4 in Ice Magic
  2464 | D:8      | Reached skill level 4 in Air Magic
  2464 | D:8      | Reached skill level 4 in Earth Magic
  2464 | D:8      | Reached skill level 4 in Poison Magic
  2464 | D:8      | Reached XP level 10. HP: 75/75 MP: 18/20
  2467 | D:8      | Noticed a dagger
  2467 | D:8      | Noticed a dagger
  2468 | D:8      | Bought a potion of heal wounds for 65 gold pieces
  2468 | D:8      | Bought a potion of brilliance for 52 gold pieces
  2468 | D:8      | Bought a potion of agility for 52 gold pieces
  2468 | D:8      | Bought a potion of flight for 39 gold pieces
  2487 | D:8      | Killed a purple ugly thing
  2487 | D:8      | Reached skill level 5 in Short Blades
  2487 | D:8      | Reached skill level 5 in Long Blades
  2487 | D:8      | Reached skill level 5 in Axes
  2487 | D:8      | Reached skill level 5 in Maces & Flails
  2487 | D:8      | Reached skill level 5 in Polearms
  2487 | D:8      | Reached skill level 5 in Staves
  2487 | D:8      | Reached skill level 5 in Slings
  2487 | D:8      | Reached skill level 5 in Bows
  2487 | D:8      | Reached skill level 5 in Crossbows
  2487 | D:8      | Reached skill level 5 in Throwing
  2487 | D:8      | Reached skill level 5 in Armour
  2487 | D:8      | Reached skill level 5 in Stealth
  2487 | D:8      | Reached skill level 5 in Shields
  2487 | D:8      | Reached skill level 5 in Evocations
  2488 | D:8      | Got a steaming marble ring
  2490 | D:8      | Identified the ring of Hilaugro {rC+ Int+3 Dex+5} (You found it on level 8 of the Dungeon)
  2511 | D:8      | Found a hide-covered altar of Uskayaw.
  2549 | D:8      | Found a transporter.
  2641 | D:9      | Got a crude scale mail
  2651 | D:10     | Entered Level 10 of the Dungeon
  2693 | D:9      | Reached **** piety under Cheibriados
  2693 | D:9      | Reached skill level 7 in Dodging
  2829 | D:9      | Identified the +5 scale mail of Negation {-Cast rC+ Int+3} (You found it on level 9 of the Dungeon)
  2901 | D:9      | Found an ancient bone altar of Kikubaaqudgha.
  2901 | D:9      | Noticed a deep elf mage
  2905 | D:9      | Killed a deep elf mage
  2905 | D:9      | Reached skill level 6 in Fighting
  2913 | D:9      | Reached skill level 6 in Transmutations
  2913 | D:9      | Reached skill level 6 in Invocations
  3054 | D:10     | Noticed a gargoyle
  3170 | D:12     | Noticed a deep elf mage
  3174 | D:12     | Killed a deep elf mage
  3206 | D:13     | Noticed a centaur warrior
  3210 | D:13     | Killed a centaur warrior
  3210 | D:13     | Reached XP level 11. HP: 83/83 MP: 22/22
  3322 | D:12     | Reached skill level 6 in Short Blades
  3322 | D:12     | Reached skill level 6 in Long Blades
  3322 | D:12     | Reached skill level 6 in Axes
  3322 | D:12     | Reached skill level 6 in Maces & Flails
  3322 | D:12     | Reached skill level 6 in Polearms
  3322 | D:12     | Reached skill level 6 in Staves
  3322 | D:12     | Reached skill level 6 in Slings
  3322 | D:12     | Reached skill level 6 in Bows
  3322 | D:12     | Reached skill level 6 in Crossbows
  3322 | D:12     | Reached skill level 6 in Throwing
  3322 | D:12     | Reached skill level 6 in Armour
  3322 | D:12     | Reached skill level 6 in Stealth
  3322 | D:12     | Reached skill level 6 in Shields
  3322 | D:12     | Reached skill level 9 in Unarmed Combat
  3322 | D:12     | Reached skill level 6 in Evocations
  3350 | D:12     | Noticed a three-headed hydra
  3354 | D:12     | Killed a three-headed hydra
  3354 | D:12     | Reached skill level 8 in Spellcasting
  3354 | D:12     | Reached skill level 5 in Conjurations
  3354 | D:12     | Reached skill level 5 in Hexes
  3354 | D:12     | Reached skill level 5 in Charms
  3354 | D:12     | Reached skill level 5 in Summonings
  3354 | D:12     | Reached skill level 5 in Necromancy
  3354 | D:12     | Reached skill level 5 in Translocations
  3354 | D:12     | Reached skill level 5 in Fire Magic
  3354 | D:12     | Reached skill level 5 in Ice Magic
  3354 | D:12     | Reached skill level 5 in Air Magic
  3354 | D:12     | Reached skill level 5 in Earth Magic
  3354 | D:12     | Reached skill level 5 in Poison Magic
  3363 | D:12     | Got an ancient halberd
  3451 | D:12     | Found a staircase to the Orcish Mines.
  3481 | D:12     | Identified the +0 hand axe "Zalla" {antimagic, rF- Str+6} (You found it on level 7 of the Dungeon)
  3484 | Orc:1    | Entered Level 1 of the Orcish Mines
  3525 | Orc:1    | Found Ujur's Jewellery Emporium.
  3615 | Orc:1    | Learned a level 5 spell: Fireball
  3623 | Orc:1    | Reached skill level 7 in Invocations
  3627 | Orc:1    | Reached ***** piety under Cheibriados
  3656 | Orc:1    | Found a frozen archway.
  3670 | IceCv    | Entered an ice cave
  3679 | IceCv    | Reached skill level 7 in Fighting
  3679 | IceCv    | Reached skill level 8 in Dodging
  3798 | IceCv    | HP: 8/100 [freezing wraith (4)]
  3883 | IceCv    | Reached XP level 12. HP: 21/91 MP: 12/24
  4063 | IceCv    | Found an ancient bone altar of Kikubaaqudgha.
  4072 | IceCv    | Learned a level 3 spell: Conjure Flame
  4110 | IceCv    | Reached skill level 7 in Transmutations
  4250 | Orc:1    | Found a roughly hewn altar of Beogh.
  4284 | Orc:2    | Entered Level 2 of the Orcish Mines
  4330 | Orc:2    | Noticed Josephine
  4349 | Orc:2    | Killed Josephine
  4349 | Orc:2    | Reached skill level 7 in Short Blades
  4349 | Orc:2    | Reached skill level 7 in Long Blades
  4349 | Orc:2    | Reached skill level 7 in Axes
  4349 | Orc:2    | Reached skill level 7 in Maces & Flails
  4349 | Orc:2    | Reached skill level 7 in Polearms
  4349 | Orc:2    | Reached skill level 7 in Staves
  4349 | Orc:2    | Reached skill level 7 in Slings
  4349 | Orc:2    | Reached skill level 7 in Bows
  4349 | Orc:2    | Reached skill level 7 in Crossbows
  4349 | Orc:2    | Reached skill level 7 in Throwing
  4349 | Orc:2    | Reached skill level 7 in Armour
  4349 | Orc:2    | Reached skill level 7 in Stealth
  4349 | Orc:2    | Reached skill level 7 in Shields
  4349 | Orc:2    | Reached skill level 6 in Ice Magic
  4349 | Orc:2    | Reached skill level 7 in Evocations
  4363 | Orc:2    | Found a roughly hewn altar of Beogh.
  4472 | Orc:2    | Found a roughly hewn altar of Beogh.
  4490 | Orc:2    | Found Saenlegu's Armour Shop.
  4569 | Orc:2    | Found a staircase to the Elven Halls.
  4571 | Orc:2    | Found a roughly hewn altar of Beogh.
  4600 | Orc:2    | Noticed an orc warlord
  4614 | Orc:2    | Reached skill level 6 in Conjurations
  4614 | Orc:2    | Reached skill level 6 in Hexes
  4614 | Orc:2    | Reached skill level 6 in Charms
  4614 | Orc:2    | Reached skill level 6 in Summonings
  4614 | Orc:2    | Reached skill level 6 in Necromancy
  4614 | Orc:2    | Reached skill level 6 in Translocations
  4614 | Orc:2    | Reached skill level 6 in Fire Magic
  4614 | Orc:2    | Reached skill level 6 in Air Magic
  4614 | Orc:2    | Reached skill level 6 in Earth Magic
  4614 | Orc:2    | Reached skill level 6 in Poison Magic
  4617 | Orc:2    | Killed an orc warlord
  4617 | Orc:2    | Reached skill level 9 in Spellcasting
  4617 | Orc:2    | Reached skill level 8 in Invocations
  4621 | Orc:2    | Noticed aMcNicky's ghost (journeyman DrIE)
  4635 | Orc:2    | Killed aMcNicky's ghost
  4635 | Orc:2    | Reached skill level 8 in Fighting
  4635 | Orc:2    | Reached skill level 10 in Unarmed Combat
  4750 | Orc:2    | Found Ockir's Antique Armour Shop.
  4752 | Orc:2    | Found a roughly hewn altar of Beogh.
  4754 | Orc:2    | Found Madghemm's Antique Weapon Boutique.
  4770 | Orc:2    | Bought a shiny helmet for 240 gold pieces
  4806 | Orc:2    | Found a roughly hewn altar of Beogh.
  4828 | Orc:2    | Found a roughly hewn altar of Beogh.
  4828 | Orc:2    | Found Viexaitz's Armour Shoppe.
  4842 | Orc:2    | Reached skill level 9 in Dodging
  4925 | Orc:2    | Noticed Donald
  4939 | Orc:2    | Killed Donald
  4939 | Orc:2    | Reached skill level 7 in Ice Magic
  4939 | Orc:2    | Reached XP level 13. HP: 77/98 MP: 11/26
  4973 | Orc:2    | Found a roughly hewn altar of Beogh.
  4996 | Orc:2    | Found a roughly hewn altar of Beogh.
  5027 | Elf:1    | Entered Level 1 of the Elven Halls
  5046 | Elf:1    | Reached skill level 8 in Short Blades
  5046 | Elf:1    | Reached skill level 8 in Long Blades
  5046 | Elf:1    | Reached skill level 8 in Axes
  5046 | Elf:1    | Reached skill level 8 in Maces & Flails
  5046 | Elf:1    | Reached skill level 8 in Polearms
  5046 | Elf:1    | Reached skill level 8 in Staves
  5046 | Elf:1    | Reached skill level 8 in Slings
  5046 | Elf:1    | Reached skill level 8 in Bows
  5046 | Elf:1    | Reached skill level 8 in Crossbows
  5046 | Elf:1    | Reached skill level 8 in Throwing
  5046 | Elf:1    | Reached skill level 8 in Armour
  5046 | Elf:1    | Reached skill level 8 in Stealth
  5046 | Elf:1    | Reached skill level 8 in Shields
  5046 | Elf:1    | Reached skill level 8 in Evocations
  5096 | Elf:1    | Noticed a deep elf sorcerer
  5105 | Elf:1    | Killed a deep elf sorcerer
  5105 | Elf:1    | HP: 5/99 [deep elf archer/arrow (26)]
  5127 | Elf:1    | HP: 7/99 [deep elf archer/arrow (15)]
  5143 | Elf:1    | Reached skill level 9 in Invocations
  5279 | Elf:1    | Reached skill level 8 in Transmutations
  5287 | Elf:1    | Noticed a deep elf death mage
  5292 | Elf:1    | Killed a deep elf death mage
  5292 | Elf:1    | Reached skill level 8 in Ice Magic
  5296 | Elf:1    | Got a pitted bronze ring
  5297 | Elf:1    | Identified the ring of Wusaf {+Fly rPois} (You took it off a deep elf death mage on level 1 of the Elven Halls)
  5359 | Elf:2    | Reached skill level 7 in Conjurations
  5359 | Elf:2    | Reached skill level 7 in Hexes
  5359 | Elf:2    | Reached skill level 7 in Charms
  5359 | Elf:2    | Reached skill level 7 in Summonings
  5359 | Elf:2    | Reached skill level 7 in Necromancy
  5359 | Elf:2    | Reached skill level 7 in Translocations
  5359 | Elf:2    | Reached skill level 7 in Fire Magic
  5359 | Elf:2    | Reached skill level 7 in Air Magic
  5359 | Elf:2    | Reached skill level 7 in Earth Magic
  5359 | Elf:2    | Reached skill level 7 in Poison Magic
  5488 | Elf:3    | Entered Level 3 of the Elven Halls
  5488 | Elf:3    | Noticed Roxanne
  5517 | Elf:3    | Reached skill level 9 in Fighting
  5568 | Elf:3    | Noticed a deep elf demonologist
  5575 | Elf:3    | Killed Roxanne
  5576 | Elf:3    | Identified Roxanne's Tome of Transmigration (You took it off Roxanne on level 3 of the Elven Halls)
  5578 | Elf:3    | Noticed a deep elf demonologist
  5590 | Elf:3    | Noticed a deep elf blademaster
  5599 | Elf:3    | Killed a deep elf blademaster
  5599 | Elf:3    | Reached skill level 10 in Spellcasting
  5599 | Elf:3    | Reached XP level 14. HP: 66/108 MP: 22/28
  5603 | Elf:3    | Killed a deep elf demonologist
  5614 | Elf:3    | Learned a level 6 spell: Statue Form
  5624 | Elf:3    | Noticed a deep elf annihilator
  5631 | Elf:3    | Killed a deep elf annihilator
  5633 | Elf:3    | Noticed a deep elf master archer
  5635 | Elf:3    | Killed a deep elf master archer
  5635 | Elf:3    | Reached skill level 10 in Dodging
  5646 | Elf:3    | Noticed a deep elf sorcerer
  5648 | Elf:3    | Killed a deep elf sorcerer
  5655 | Elf:3    | Reached skill level 11 in Unarmed Combat
  5657 | Elf:3    | Noticed a deep elf demonologist
  5661 | Elf:3    | Noticed a deep elf annihilator
  5663 | Elf:3    | Reached skill level 9 in Short Blades
  5663 | Elf:3    | Reached skill level 9 in Long Blades
  5663 | Elf:3    | Reached skill level 9 in Axes
  5663 | Elf:3    | Reached skill level 9 in Maces & Flails
  5663 | Elf:3    | Reached skill level 9 in Polearms
  5663 | Elf:3    | Reached skill level 9 in Staves
  5663 | Elf:3    | Reached skill level 9 in Slings
  5663 | Elf:3    | Reached skill level 9 in Bows
  5663 | Elf:3    | Reached skill level 9 in Crossbows
  5663 | Elf:3    | Reached skill level 9 in Throwing
  5663 | Elf:3    | Reached skill level 9 in Armour
  5663 | Elf:3    | Reached skill level 9 in Stealth
  5663 | Elf:3    | Reached skill level 9 in Shields
  5663 | Elf:3    | Reached skill level 9 in Evocations
  5665 | Elf:3    | Reached skill level 9 in Ice Magic
  5665 | Elf:3    | Killed a deep elf demonologist
  5665 | Elf:3    | Killed a deep elf annihilator
  5692 | Elf:3    | Noticed a deep elf blademaster
  5708 | Elf:3    | Killed a deep elf blademaster
  5708 | Elf:3    | Reached skill level 10 in Invocations
  5781 | Elf:3    | Gained mutation: Armour fits poorly on your strangely shaped body. [miscasting Statue Form]
  5781 | Elf:3    | Gained mutation: Your magical capacity is low. (-10% MP) [miscasting Statue Form]
  5782 | Elf:3    | Lost mutation: Your magical capacity is low. (-10% MP) [potion of mutation]
  5782 | Elf:3    | Lost mutation: Armour fits poorly on your strangely shaped body. [potion of mutation]
  5782 | Elf:3    | Lost mutation: You passively map a small area around you. [potion of mutation]
  5782 | Elf:3    | Lost mutation: You evolve. [potion of mutation]
  5782 | Elf:3    | Gained mutation: You are covered in fur. (AC +1) [potion of mutation]
  5782 | Elf:3    | Gained mutation: You passively map a small area around you. [potion of mutation]
  5821 | Elf:3    | Noticed a deep elf demonologist
  5825 | Elf:3    | Noticed a deep elf sorcerer
  5831 | Elf:3    | Noticed a deep elf elementalist
  5831 | Elf:3    | Noticed an Ice Fiend
  5834 | Elf:3    | Killed a deep elf sorcerer
  5836 | Elf:3    | Killed a deep elf demonologist
  5836 | Elf:3    | Killed a deep elf elementalist
  5839 | Elf:3    | Noticed a deep elf annihilator
  5850 | Elf:3    | Killed a deep elf annihilator
  5854 | Elf:3    | Noticed a deep elf blademaster
  5871 | Elf:3    | Killed a deep elf blademaster
  5913 | Elf:3    | Noticed a deep elf master archer
  5922 | Elf:3    | Killed a deep elf master archer
  5935 | Elf:3    | Killed a deep elf demonologist
  5935 | Elf:3    | Reached skill level 8 in Conjurations
  5935 | Elf:3    | Reached skill level 8 in Hexes
  5935 | Elf:3    | Reached skill level 8 in Charms
  5935 | Elf:3    | Reached skill level 8 in Summonings
  5935 | Elf:3    | Reached skill level 8 in Necromancy
  5935 | Elf:3    | Reached skill level 8 in Translocations
  5935 | Elf:3    | Reached skill level 8 in Fire Magic
  5935 | Elf:3    | Reached skill level 8 in Air Magic
  5935 | Elf:3    | Reached skill level 8 in Earth Magic
  5935 | Elf:3    | Reached skill level 8 in Poison Magic
  5935 | Elf:3    | Reached XP level 15. HP: 114/115 MP: 29/29
  5959 | Elf:3    | Noticed a deep elf blademaster
  5967 | Elf:3    | Reached skill level 9 in Transmutations
  5977 | Elf:3    | Reached skill level 10 in Fighting
  5999 | Elf:3    | Got a transparent pewter amulet
  6000 | Elf:3    | Identified the amulet "Ewieskai" {Faith rC+ Str+6 Int-2} (You took it off a deep elf archer on level 3 of the Elven Halls)
  6005 | Elf:3    | Noticed a deep elf sorcerer
  6009 | Elf:3    | Cast into level 2 of the Abyss (a deep elf sorcerer)
  6038 | Abyss:2  | Noticed a bone dragon
  6049 | Abyss:2  | Killed a bone dragon
  6049 | Abyss:2  | Reached skill level 10 in Ice Magic
  6288 | Abyss:2  | Noticed a profane servitor
  6304 | Abyss:2  | Killed a profane servitor
  6304 | Abyss:2  | Reached skill level 11 in Spellcasting
  6350 | Abyss:2  | Found a corrupted altar of Lugonu.
  6382 | Abyss:2  | Noticed a tentacled starspawn
  6383 | Elf:3    | Escaped the Abyss
  6386 | Elf:3    | Noticed a deep elf sorcerer
  6394 | Elf:3    | Killed a deep elf blademaster
  6399 | Elf:3    | Killed a deep elf sorcerer
  6399 | Elf:3    | Reached skill level 10 in Short Blades
  6399 | Elf:3    | Reached skill level 10 in Long Blades
  6399 | Elf:3    | Reached skill level 10 in Axes
  6399 | Elf:3    | Reached skill level 10 in Maces & Flails
  6399 | Elf:3    | Reached skill level 10 in Polearms
  6399 | Elf:3    | Reached skill level 10 in Staves
  6399 | Elf:3    | Reached skill level 10 in Slings
  6399 | Elf:3    | Reached skill level 10 in Bows
  6399 | Elf:3    | Reached skill level 10 in Crossbows
  6399 | Elf:3    | Reached skill level 10 in Throwing
  6399 | Elf:3    | Reached skill level 10 in Armour
  6399 | Elf:3    | Reached skill level 10 in Stealth
  6399 | Elf:3    | Reached skill level 10 in Shields
  6399 | Elf:3    | Reached skill level 10 in Evocations
  6406 | Elf:3    | Killed a deep elf sorcerer
  6408 | Elf:3    | Reached skill level 11 in Dodging
  6422 | Elf:3    | Got a brightly glowing war axe {chop}
  6422 | Elf:3    | Got a bound zirconium amulet
  6496 | Elf:3    | Identified the +9 war axe of Qautakke {chop, rF- rC+ MR+ Int+4} (You took it off a deep elf mage on level 3 of the Elven Halls)
  6515 | Elf:3    | Got a pitted whip {slash}
  6544 | Elf:3    | Reached skill level 11 in Invocations
  6547 | Elf:3    | Got a clouded pewter ring
  6549 | Elf:3    | Identified the ring of the Distant Future {*Slow +Fly Str+2 Dex+2} (You took it off a deep elf death mage on level 3 of the Elven Halls)
  6689 | Elf:3    | Identified the +8 whip "Qitol" {slash, Str-2 Int+4} (You took it off a deep elf high priest on level 3 of the Elven Halls)
  6709 | Elf:3    | Identified a +1 pair of boots of running (You found it on level 3 of the Elven Halls)
  6739 | Elf:3    | Identified Sekit's Secret Knowledge 101
  6742 | Elf:3    | Learned a level 1 spell: Apportation
  6748 | Elf:3    | Identified the Papyrus of Orientation and Venom
  6791 | Elf:3    | Identified the amulet of Paonn {RegenMP rN+ Int-3 Stlth+} (You took it off a deep elf mage on level 3 of the Elven Halls)
  6795 | Elf:3    | Got a fine leather armour
  6881 | Elf:2    | Reached skill level 12 in Unarmed Combat
  6896 | Elf:2    | Reached XP level 16. HP: 124/124 MP: 31/31
  6984 | Orc:2    | Bought the -2 hat of the Alchemist {rElec rPois rF+ rC+ rN+ MR+ rMut rCorr} for 1510 gold pieces
  6984 | Orc:2    | Found the -2 hat of the Alchemist {rElec rPois rF+ rC+ rN+ MR+ rMut rCorr}
  7110 | D:11     | Noticed Grum
  7123 | D:11     | Killed Grum
  7370 | D:10     | Found a portal to a secret trove of treasure.
  7376 | D:10     | Noticed Maurice
  7381 | D:10     | Killed Maurice
  7409 | D:10     | Found a staircase to the Lair.
  7416 | Lair:1   | Entered Level 1 of the Lair of Beasts
  7463 | Lair:2   | Found a labyrinth entrance.
  7472 | Lair:2   | Identified the +1 leather armour of Amuesur {rPois rF++ rN+ Stlth-} (You took it off a deep elf death mage on level 3 of the Elven Halls)
  7475 | Lab      | Entered a labyrinth
  7888 | Lab      | Reached ****** piety under Cheibriados
  7979 | Lab      | Identified Sif Muna's Incunabulum of the Dislocated Entourage
  7982 | Lab      | Got a twisted short sword {pierce}
  7987 | Lab      | Identified the +1 short sword of Fihax {pierce, +Inv +Fly rF+} (You took it off a minotaur in a labyrinth)
  8034 | Lair:2   | Found a staircase to the Swamp.
  8054 | Lair:2   | Learned a level 4 spell: Passage of Golubria
  8066 | Lair:2   | Learned a level 4 spell: Summon Lightning Spire
  8067 | Swamp:1  | Entered Level 1 of the Swamp
  8102 | Swamp:1  | Reached skill level 11 in Ice Magic
  8110 | Swamp:1  | Noticed a thorn hunter
  8283 | Swamp:3  | Reached skill level 9 in Conjurations
  8283 | Swamp:3  | Reached skill level 9 in Hexes
  8283 | Swamp:3  | Reached skill level 9 in Charms
  8283 | Swamp:3  | Reached skill level 9 in Summonings
  8283 | Swamp:3  | Reached skill level 9 in Necromancy
  8283 | Swamp:3  | Reached skill level 9 in Translocations
  8283 | Swamp:3  | Reached skill level 9 in Fire Magic
  8283 | Swamp:3  | Reached skill level 9 in Air Magic
  8283 | Swamp:3  | Reached skill level 9 in Earth Magic
  8283 | Swamp:3  | Reached skill level 9 in Poison Magic
  8370 | Swamp:3  | Reached skill level 11 in Fighting
  8379 | Swamp:4  | Entered Level 4 of the Swamp
  8440 | Swamp:4  | Noticed Aizul
  8446 | Swamp:4  | Killed Aizul
  8541 | Swamp:4  | Noticed a thorn hunter
  8579 | Swamp:4  | Reached skill level 10 in Transmutations
  8587 | Swamp:4  | Noticed a thorn hunter
  8596 | Swamp:4  | Killed a thorn hunter
  8599 | Swamp:4  | Killed a thorn hunter
  8602 | Swamp:4  | Reached skill level 11 in Short Blades
  8602 | Swamp:4  | Reached skill level 11 in Long Blades
  8602 | Swamp:4  | Reached skill level 11 in Axes
  8602 | Swamp:4  | Reached skill level 11 in Maces & Flails
  8602 | Swamp:4  | Reached skill level 11 in Polearms
  8602 | Swamp:4  | Reached skill level 11 in Staves
  8602 | Swamp:4  | Reached skill level 11 in Slings
  8602 | Swamp:4  | Reached skill level 11 in Bows
  8602 | Swamp:4  | Reached skill level 11 in Crossbows
  8602 | Swamp:4  | Reached skill level 11 in Throwing
  8602 | Swamp:4  | Reached skill level 11 in Armour
  8602 | Swamp:4  | Reached skill level 11 in Stealth
  8602 | Swamp:4  | Reached skill level 11 in Shields
  8602 | Swamp:4  | Reached skill level 11 in Evocations
  8605 | Swamp:4  | Noticed a thorn hunter
  8616 | Swamp:4  | HP: 16/162 [thorn hunter (2)]
  8619 | Swamp:4  | Killed a thorn hunter
  8675 | Swamp:4  | Reached skill level 12 in Spellcasting
  8697 | Swamp:4  | Reached XP level 17. HP: 131/131 MP: 33/33
  8731 | Swamp:4  | Got a decaying rune of Zot
  8883 | Lair:2   | Learned a level 2 spell: Blink
  8887 | Lair:2   | Learned a level 3 spell: Lesser Beckoning
  8896 | Lair:3   | Reached skill level 12 in Invocations
  9047 | Lair:3   | Found a hole to the Spider Nest.
  9059 | Spider:1 | Entered Level 1 of the Spider Nest
  9069 | Spider:1 | Reached skill level 12 in Dodging
  9091 | Spider:2 | Noticed Agnes
  9231 | Spider:4 | Entered Level 4 of the Spider Nest
  9399 | Spider:4 | Got a gossamer rune of Zot
  9463 | Spider:4 | Gained mutation: Your magical capacity is low. (-10% MP) [mutagenic glow]
  9487 | Spider:3 | Reached skill level 13 in Unarmed Combat
  9676 | Lair:5   | Found a staircase to the Slime Pits.
  9676 | Lair:5   | Found a viscous altar of Jiyva.
  9683 | Slime:1  | Entered Level 1 of the Pits of Slime
  9688 | Slime:1  | Noticed an acid blob
  9696 | Slime:1  | Killed an acid blob
  9702 | Slime:1  | Reached skill level 10 in Conjurations
  9702 | Slime:1  | Reached skill level 10 in Hexes
  9702 | Slime:1  | Reached skill level 10 in Charms
  9702 | Slime:1  | Reached skill level 10 in Summonings
  9702 | Slime:1  | Reached skill level 10 in Necromancy
  9702 | Slime:1  | Reached skill level 10 in Translocations
  9702 | Slime:1  | Reached skill level 10 in Fire Magic
  9702 | Slime:1  | Reached skill level 10 in Air Magic
  9702 | Slime:1  | Reached skill level 10 in Earth Magic
  9702 | Slime:1  | Reached skill level 10 in Poison Magic
  9755 | Slime:2  | Reached XP level 18. HP: 140/140 MP: 26/31
  9762 | Slime:2  | Reached skill level 12 in Fighting
  9765 | Slime:2  | Noticed Dissolution
  9766 | Slime:2  | Gained mutation: Scrolls take you a little longer to read. [a shining eye]
  9887 | Slime:2  | Reached skill level 12 in Ice Magic
  9963 | Slime:3  | Reached skill level 12 in Short Blades
  9963 | Slime:3  | Reached skill level 12 in Long Blades
  9963 | Slime:3  | Reached skill level 12 in Axes
  9963 | Slime:3  | Reached skill level 12 in Maces & Flails
  9963 | Slime:3  | Reached skill level 12 in Polearms
  9963 | Slime:3  | Reached skill level 12 in Staves
  9963 | Slime:3  | Reached skill level 12 in Slings
  9963 | Slime:3  | Reached skill level 12 in Bows
  9963 | Slime:3  | Reached skill level 12 in Crossbows
  9963 | Slime:3  | Reached skill level 12 in Throwing
  9963 | Slime:3  | Reached skill level 12 in Armour
  9963 | Slime:3  | Reached skill level 12 in Stealth
  9963 | Slime:3  | Reached skill level 12 in Shields
  9963 | Slime:3  | Reached skill level 12 in Evocations
 10023 | Slime:4  | Reached skill level 13 in Invocations
 10054 | Slime:4  | Reached skill level 11 in Transmutations
 10091 | Slime:5  | Entered Level 5 of the Pits of Slime
 10140 | Slime:5  | Reached skill level 13 in Spellcasting
 10144 | Slime:5  | Noticed the Royal Jelly
 10175 | Slime:5  | HP: 7/141 [great orb of eyes (17)]
 10181 | Slime:5  | Slain by a slime creature

Skill      XL: |  1  2  3  4  5  6  7  8  9 10 11 12 13 14 15 16 17 18 |
---------------+-------------------------------------------------------+-----
Spellcasting   | 5 6 7 8 9 10 11 12 13 | 13.0
Invocations    | 1 2 3 4 5 6 7 8 9 10 11 12 13 | 13.1
Short Blades   | 1 2 3 4 5 6 7 8 9 10 11 12 | 12.2
Long Blades    | 1 2 3 4 5 6 7 8 9 10 11 12 | 12.2
Axes           | 1 2 3 4 5 6 7 8 9 10 11 12 | 12.2
Maces & Flails | 1 2 3 4 5 6 7 8 9 10 11 12 | 12.2
Polearms       | 1 2 3 4 5 6 7 8 9 10 11 12 | 12.2
Staves         | 1 2 3 4 5 6 7 8 9 10 11 12 | 12.2
Slings         | 1 2 3 4 5 6 7 8 9 10 11 12 | 12.2
Bows           | 1 2 3 4 5 6 7 8 9 10 11 12 | 12.2
Crossbows      | 1 2 3 4 5 6 7 8 9 10 11 12 | 12.2
Throwing       | 1 2 3 4 5 6 7 8 9 10 11 12 | 12.2
Armour         | 1 2 3 4 5 6 7 8 9 10 11 12 | 12.2
Stealth        | 1 2 3 4 5 6 7 8 9 10 11 12 | 12.2
Shields        | 1 2 3 4 5 6 7 8 9 10 11 12 | 12.2
Evocations     | 1 2 3 4 5 6 7 8 9 10 11 12 | 12.2
Conjurations   | 1 2 3 4 5 6 7 8 9 10 | 10.4
Hexes          | 1 2 3 4 5 6 7 8 9 10 | 10.4
Charms         | 1 2 3 4 5 6 7 8 9 10 | 10.4
Summonings     | 1 2 3 4 5 6 7 8 9 10 | 10.4
Necromancy     | 1 2 3 4 5 6 7 8 9 10 | 10.4
Translocations | 1 2 3 4 5 6 7 8 9 10 | 10.4
Fire Magic     | 1 2 3 4 5 6 7 8 9 10 | 10.4
Ice Magic      | 1 2 3 4 5 7 8 9 10 11 12 | 12.1
Air Magic      | 1 2 3 4 5 6 7 8 9 10 | 10.4
Earth Magic    | 1 2 3 4 5 6 7 8 9 10 | 10.4
Poison Magic   | 1 2 3 4 5 6 7 8 9 10 | 10.4
Fighting       | 3 4 5 6 7 8 9 10 11 12 | 12.4
Transmutations | 4 5 6 7 8 9 10 11 | 11.1
Dodging        | 5 6 7 8 9 10 11 12 | 12.9
Unarmed Combat | 7 8 9 10 11 12 13 | 13.5

Action                   |  1- 3 |  4- 6 |  7- 9 | 10-12 | 13-15 | 16-18 || total
-------------------------+-------+-------+-------+-------+-------+-------++-------
Melee: Unarmed           |    78 |    39 |   127 |   312 |   335 |   240 ||  1131
       Kick              |     7 |     1 |       |       |       |       ||     8
       Bite              |     4 |     1 |     2 |    53 |    62 |   138 ||   260
       Punch             |     1 |       |     1 |    19 |     7 |       ||    28
       Dagger            |       |       |    21 |    58 |     7 |     3 ||    89
       Headbutt          |       |       |       |     2 |       |       ||     2
       War axe           |       |       |       |       |     1 |   420 ||   421
Throw: Stone             |     2 |       |     2 |    13 |       |       ||    17
       Tomahawk          |       |       |       |    14 |    28 |    25 ||    67
 Cast: Beastly Appendage |    11 |     1 |       |     2 |       |       ||    14
       Spider Form       |     3 |     6 |    10 |       |       |       ||    19
       Sticks to Snakes  |     1 |     6 |     7 |    24 |    14 |    18 ||    70
       Ice Form          |       |       |    14 |     9 |       |       ||    23
       Blade Hands       |       |       |       |    29 |    13 |       ||    42
       Conjure Flame     |       |       |       |     2 |     1 |       ||     3
       Fireball          |       |       |       |     2 |       |     1 ||     3
       Statue Form       |       |       |       |       |    20 |    57 ||    77
       Apportation       |       |       |       |       |     7 |    81 ||    88
       Passage of Golubr |       |       |       |       |       |    93 ||    93
       Summon Lightning  |       |       |       |       |       |    15 ||    15
       Lesser Beckoning  |       |       |       |       |       |     2 ||     2
       Blink             |       |       |       |       |       |     1 ||     1
Invok: Bend Time         |       |       |     1 |     5 |     2 |     1 ||     9
       Slouch            |       |       |       |     8 |     8 |    15 ||    31
       Temporal Distorti |       |       |       |       |       |     1 ||     1
       Step From Time    |       |       |       |       |       |     1 ||     1
 Abil: End Transformatio |       |       |     3 |    13 |    16 |    15 ||    47
       Evoke Invisibilit |       |       |       |     1 |       |     2 ||     3
       Evoke Flight      |       |       |       |       |       |     7 ||     7
Evoke: Wand              |       |     1 |     7 |    51 |    18 |    15 ||    92
  Use: Potion            |       |     5 |     1 |     6 |     8 |     5 ||    25
       Scroll            |       |       |     8 |     6 |    14 |    16 ||    44
 Stab: Sleeping          |     4 |     1 |     4 |    14 |     4 |    14 ||    41
       Paralysed         |       |     1 |     7 |     8 |       |     4 ||    20
       Distracted        |       |       |       |     4 |     6 |    11 ||    21
       Invisible         |       |       |       |    10 |     3 |    31 ||    44
       Confused          |       |       |       |       |       |     1 ||     1
  Eat: Chunk             |       |       |     4 |     8 |     2 |       ||    14
       Ration            |       |       |       |     1 |     3 |     6 ||    10
Armor: Robe              |    14 |     1 |     3 |       |       |       ||    18
       Skin              |     1 |     1 |    16 |    16 |   108 |   370 ||   512
       Ring mail         |       |       |     1 |    50 |     8 |       ||    59
       Troll leather arm |       |       |       |       |     7 |     6 ||    13
Dodge: Dodged            |    47 |    17 |    92 |   238 |   258 |  1251 ||  1903
       Deflected         |       |       |       |     3 |     8 |    14 ||    25
Block: Buckler           |       |       |     3 |    33 |     2 |   179 ||   217
       Shield            |       |       |       |       |   204 |   731 ||   935
       Reflection        |       |       |       |       |    25 |     5 ||    30

Table legend:
 A = Turns spent in this place as a percentage of turns spent in the entire game.
 B = Non-inter-level travel turns spent in this place as a percentage of non-inter-level travel turns spent in the entire game.
 C = Inter-level travel turns spent in this place as a percentage of turns spent in this place.
 D = Turns resting spent in this place as a percentage of non-inter-level travel turns spent in this place.
 E = Turns spent auto-exploring this place as a percentage of non-inter-level travel turns spent in this place.
 F = Non-inter-level travel turns spent in this place divided by the number of levels of this place that you've seen.
                   A       B       C       D       E      F
               +-------+-------+-------+-------+-------+----------------------
         Total | 100.0 | 100.0 |   1.2 |   0.0 |   0.0 | 257.9
       Dungeon |  37.6 |  37.7 |   1.0 |   0.0 |   0.0 | 291.7
          Lair |   3.9 |   4.0 |   0.0 |   0.0 |   0.0 |  79.6
         Swamp |   7.7 |   7.8 |   0.0 |   0.0 |   0.0 | 197.0
   Spider Nest |   5.5 |   5.6 |   0.0 |   0.0 |   0.0 | 141.0
    Slime Pits |   4.9 |   5.0 |   0.0 |   0.0 |   0.0 |  99.6
  Orcish Mines |  10.9 |  10.2 |   7.5 |   0.0 |   0.0 | 514.5
   Elven Halls |  15.3 |  15.4 |   0.0 |   0.0 |   0.0 | 517.7
         Abyss |   3.7 |   3.7 |   0.0 |   0.0 |   0.0 | 374.0
     Labyrinth |   5.1 |   5.1 |   0.0 |   0.0 |   0.0 | 517.0
      Ice Cave |   5.4 |   5.4 |   0.0 |   0.0 |   0.0 | 546.0
               +-------+-------+-------+-------+-------+----------------------

Table legend:
 A = Kills in this place as a percentage of kills in entire the game.
 B = Kills by you in this place as a percentage of kills by you in the entire game.
 C = Kills by friends in this place as a percentage of kills by friends in the entire game.
 D = Other kills in this place as a percentage of other kills in the entire game.
 E = Experience gained in this place as a percentage of experience gained in the entire game.
 F = Experience gained in this place divided by the number of levels of this place that you have seen.
                   A       B       C       D       E      F
               +-------+-------+-------+-------+-------+----------------------
         Total | 100.0 | 100.0 | 100.0 | 100.0 | 100.0 | 7674.5
       Dungeon |  24.4 |  25.5 |   9.8 |   0.0 |   5.2 | 1205.2
          Lair |   5.0 |   5.2 |   0.0 |  20.0 |   2.6 | 1535.2
         Swamp |  12.1 |  12.7 |   3.9 |   0.0 |  15.6 | 11637.0
   Spider Nest |  12.1 |  11.1 |  25.5 |  20.0 |  14.0 | 10483.0
    Slime Pits |  12.0 |   9.7 |  47.1 |   0.0 |  22.1 | 13257.0
  Orcish Mines |  12.9 |  13.2 |   7.8 |  20.0 |   4.8 | 7227.0
   Elven Halls |  10.4 |  10.7 |   2.0 |  40.0 |  27.4 | 27323.7
         Abyss |   3.0 |   3.3 |   0.0 |   0.0 |   4.5 | 13601.0
     Labyrinth |   1.7 |   1.8 |   0.0 |   0.0 |   1.7 | 5001.0
      Ice Cave |   6.5 |   6.7 |   3.9 |   0.0 |   2.1 | 6171.0
               +-------+-------+-------+-------+-------+----------------------

Vault maps used:
D:1:      sevenhm_arrival_forest_fort_small_5, hangedman_decor_growths
D:2:      amethyst_overflow_temple_binary, marbit_many_paths, uniq_natasha,
          uniq_sigmund
D:3:      st_stairs_10, serial_bayou_lagoon_a, grunt_decor_cap,
          minmay_crystal_water
D:4:      led_sif_pool, overflow_temple_1_default, first_ration,
          roderic_serpentine_path, uniq_ijyb
D:5:      grunt_temple_overflow_open, minmay_temple_entry_statues_pillars,
          uniq_pikel
D:6:      old_standard_altar, gammafunk_temple_overflow_elements,
          kennysheep_generic_room_9
D:7:      lemuel_mausoleum_altar_yredelemnul, lemuel_coloured_pillars_altar,
          serial_shops, shop
D:8:      gammafunk_cloud_chamber, dancing_weapons_uskayaw, xom_shifter_show,
          serial_shops, shop, kennysheep_little_box, nicolae_shop_crystal,
          nicolae_shop_trees, shop, special_room, uniq_psyche
D:9:      david_defended_altar_elf
D:10:     nicolae_trove_entry_free_sample, serial_shops, shop_statue,
          uniq_maurice
D:11:     serial_shops, shop_scrolls, uniq_grum
D:12:     erik_orc_3, hangedman_ranch, kennysheep_cross_bottleneck
D:13:     erik_vaults_2
Lair:1:   minmay_lair_oklob_chamber, uniq_fannar, uniq_nergalle
Lair:2:   minmay_lair_oklob_tunnel, minmay_swamp_entry_reptiles,
          lab_entry_generic, pond
Lair:3:   spider_nest_entry_rubble
Lair:4:   serial_bayou_shore_b, grunt_megastairs_1
Lair:5:   beast_lair_carwin_large_3, slime_altar_1, uniq_kirke
Swamp:1:  evilmike_swamp_ruin_house_2, infiniplex_staircase_pool_2
Swamp:2:  serial_swamp_ruin, hangedman_swamp_ruin_wall, evilmike_swamp_ruin_wall
Swamp:3:  evilmike_swamp_ruin_house_1, hangedman_swamp_ravenous
Swamp:4:  swamp_basic_johnstein, swamp_pool2, uniq_aizul
Spider:1: spider_trap
Spider:2: uniq_agnes
Spider:4: grunt_spider_rune_circles
Slime:1:  basic_altar
Slime:2:  uniq_dissolution
Orc:1:    special_room, serial_shops,
          nicolae_shop_temple_entry_statues_fountains, portal_ice_cave_rime,
          minmay_orc_temple_a
Orc:2:    grunt_orc_community_town_hall, grunt_orc_community_big_house_1,
          grunt_orc_community_big_house_2, grunt_orc_community_house_3,
          grunt_orc_community_house_2, grunt_orc_community_house_1,
          grunt_orc_community_house_3, grunt_orc_community_house_3,
          grunt_orc_community_house_1, uniq_donald, uniq_josephine
Elf:1:    elf_arrival_002, minmay_elf_demonology, evilmike_minifort
Elf:3:    minmay_elf_hall_circle, uniq_roxanne
Abyss:2:  minivault_5
Lab:      nicolae_lab_dead_adventurers, nicolae_lab_plus, lab_hedge, lab_block,
          labyrinth_skeletal_remains, nicolae_lab_statue, nicolae_lab_lava,
          nicolae_lab_flowing_pool, nicolae_lab_quarters
IceCv:    ice_cave_small_necro
